 Dungeon Crawl Stone Soup version 0.31.0-9-g3a7656b989 (webtiles) character file.

Game seed: 11166777053594685850

23042 qw the Spry (level 12, -10/61 HPs)
             Began as a Spriggan Hunter on Feb 2, 2024.
             Was an Elder of Okawaru.
             Killed by angry trees
             ... awakened by a spriggan druid
              (16 damage)
             ... on level 3 of the Lair of Beasts.
             The game lasted 00:01:25 (10718 turns).

qw the Spry (Spriggan Hunter)                      Turns: 10718, Time: 00:01:25

Health: -10/61     AC:  8    Str:  7    XL:     12   Next: 68%
Magic:  19/19      EV: 44    Int: 11    God:    Okawaru [****..]
Gold:   404        SH:  0    Dex: 29    Spells: 11/11 levels left

rFire   + . .        n - +1 orcbow
rCold   . . .        (shield currently unavailable)
rNeg    . . .        a - +1 steam dragon scales
rPois   .            (helmet restricted)
rElec   .            m - +1 cloak
rCorr   +            (gloves unavailable)
SInv    +            (boots unavailable)
Will    ++...        k - amulet of Doikk {rF+ Regen+ rCorr}
Stlth   +++          f - +6 ring of dexterity
HPRegen 1.10/turn    q - +5 ring of evasion
MPRegen 0.16/turn

%: no passive effects
@: lethally poisoned (-10 -> -12), about to teleport, very quick
A: very small, no large weapons, unfitting armour, see invisible, speed 3
a: Renounce Religion, Heroism, Finesse


You were on level 3 of the Lair of Beasts.
You worshipped Okawaru.
Okawaru was greatly pleased with you.
You visited 3 branches of the dungeon, and saw 16 of its levels.

You collected 703 gold pieces.
You spent 299 gold pieces at shops.


Innate Abilities, Weirdness & Mutations

You are very small and have problems with some larger weapons.
You are too small for most types of armour.
You have supernaturally acute eyesight. (SInv)
You cover ground extremely quickly. (Speed+++)


   Skills:
 - Level 6.1 Fighting
 - Level 14.0 Ranged Weapons
 - Level 1.1 Armour
 + Level 16.6 Dodging
 - Level 1.5 Stealth
 + Level 8.1 Invocations


You had 11 spell levels left.
You didn't know any spells.
Your spell library was empty.

Inventory:

Hand Weapons
 n - a +1 orcbow (weapon)
Armour
 a - +1 steam dragon scales (worn)
 m - a +1 cloak (worn)
Jewellery
 f - a +6 ring of dexterity (left hand)
 k - the amulet of Doikk (around neck) {rF+ Regen+ rCorr}
   (You found it on level 6 of the Dungeon)

   [amulet of regeneration]

   rF+:       It protects you from fire.
   Regen+:    It increases your rate of health regeneration.
   rCorr:     It protects you from acid and corrosion.
 q - a +5 ring of evasion (right hand)
 r - an amulet of reflection
Wands
 h - a wand of paralysis (7)
 l - a wand of mindburst (11)
 o - a wand of roots (5)
 p - a wand of light (6)
Scrolls
 c - 2 scrolls of teleportation
Potions
 b - 5 potions of curing
 d - 3 potions of enlightenment
 e - a potion of cancellation
 g - 2 potions of mutation
 j - 2 potions of might
 s - a potion of resistance
 t - 3 potions of heal wounds
 u - a potion of haste

Dungeon Overview and Level Annotations

Branches:
Dungeon (12/15)            Temple (1/1) D:5            Lair (3/5) D:10
  Snake (0/4) Lair:2          Orc (0/2) D:9
  Swamp: Lair:2-3    Shoals: Lair:2-3

Altars:
Ashenzari
Cheibriados
Dithmenos
Elyvilon
Fedhas
Gozag
Hepliaklqana
Kikubaaqudgha
Makhleb
Nemelex Xobeh
Okawaru
Qazlal
Ru
Sif Muna
Trog
Uskayaw
Vehumet
Wu Jian
Xom
Yredelemnul
Zin
The Shining One

Shops:
D:7 *


Message History

The arrow completely misses the cane toad.
You shoot an arrow. The arrow hits the cane toad.
The cane toad is lightly wounded.
You shoot an arrow. The arrow hits the cane toad!
The cane toad is moderately wounded.
The cane toad closely misses you.
A spriggan druid comes into view.
It is wielding a +2 spectral quarterstaff.
You shoot an arrow. The arrow hits the cane toad!
The cane toad is severely wounded.
The cane toad stings you.
You are poisoned.
The cane toad poisons you!
The spriggan druid casts a spell.
The forest starts to sway and rumble!
You hear a shout!
You shoot an arrow.
The arrow hits the cane toad but does no damage.
The cane toad is severely wounded.
You feel very sick.
You are hit by a branch!
A hornet comes into view.
The cane toad completely misses you.
You shoot an arrow. The arrow hits the cane toad!
The cane toad is almost dead.
You feel very sick. The cane toad completely misses you.
You shoot an arrow. The arrow hits the cane toad!
You kill the cane toad!
Okawaru accepts your kill.
You feel sick. A tree reaches out and hits you!
You shoot an arrow.
The arrow barely misses the spriggan druid.
The arrow hits the hornet but does no damage.
You feel sick. A tree reaches out but misses you.
The spriggan druid hits you with a +2 spectral quarterstaff!
10718 ||| READING 3 scrolls of teleportation.
As you read the scroll of teleportation, it crumbles to dust.
You feel strangely unstable.
You feel sick. A root smacks you from below!
You die...

##...........7
#P...........7 ..7¤
##..#P.~~....7 .¤¤
#(.....~.....7 ...
##......~.....7 ..
###.............77.
##..........~...7y7
................7i7
........P.......@7
........P....#..#..#
.....PPPPPP.#..##..#
.....P7777P.#...
...# .....P7 7P.####
#### .....P7 7
.....P7 ###..P7777P
...


##...PPPPPP .. You could see a spriggan druid and a hornet.

Vanquished Creatures
  Gastronok (D:12)
  A boulder beetle (Lair:1)
  3 death yaks (D:10)
  Maurice (D:10)
  A cyclops (D:12)
  A salamander (Lair:2)
  An ugly thing (D:12)
  2 black mambas (Lair:1)
  A gargoyle (D:10)
  A torpor snail (Lair:2)
  7 cane toads
  A kobold demonologist (D:12)
  4 komodo dragons
  2 polar bears
  8 blink frogs
  Sigmund (D:3)
  A spriggan (Lair:2)
  3 wyverns
  22 yaks
  3 basilisks
  2 death yak simulacra (Lair:2)
  3 steam dragons
  3 nagas (Lair:2)
  8 water moccasins
  Duvessa (D:7)
  A sky beast (D:7)
  7 orc warriors
  3 black bears
  3 ice beasts
  2 ogres
  7 wolves (Lair:2)
  4 centaurs
  A phantom (D:6)
  4 kobold brigands
  10 bullfrogs
  2 gnoll sergeants
  A cane toad simulacrum (Lair:2)
  2 scorpions (D:5)
  4 wights (D:8)
  Dowan (D:7)
  10 killer bees
  A howler monkey (D:9)
  2 bombardier beetles
  An electric eel (D:7)
  5 hounds
  7 orc priests
  2 jellies
  3 gnoll boudas
  An iguana (D:5)
  7 orc wizards
  12 gnolls
  7 adders
  A river rat (D:6)
  3 white imps
  6 dart slugs
  2 ribbon worms
  33 orcs
  11 bats
  8 endoplasms
  8 giant cockroaches
  6 hobgoblins
  3 jackals (D:1)
  2 quokkas
  10 ball pythons
  6 frilled lizards
  11 goblins
  16 kobolds
  9 rats
327 creatures vanquished.

Notes
Turn   | Place    | Note
-------+----------+-------------------------------------------
     0 | D:1      | qw the Spriggan Hunter began the quest for the Orb.
     0 | D:1      | Reached XP level 1. HP: 10/10 MP: 2/2
     0 | D:1      | 0 ||| qw: Version: 0.3-a-155-g5e7d8dd
     0 | D:1      | 0 ||| qw: Game counter: 1058
     0 | D:1      | 0 ||| qw: Melee chars always use a shield: true
     0 | D:1      | 0 ||| qw: God list: Okawaru
     0 | D:1      | 0 ||| qw: Allow faded altars: false
     0 | D:1      | 0 ||| qw: Do Orc after clearing Dungeon:15 true
     0 | D:1      | 0 ||| qw: Do second Lair branch before Depths: true
     0 | D:1      | 0 ||| qw: Lair rune preference: random
     0 | D:1      | 0 ||| qw: Goals: Normal
     0 | D:1      | 0 ||| PLANNING D:1-11
    77 | D:1      | Reached skill level 3 in Dodging
   101 | D:1      | Reached XP level 2. HP: 14/14 MP: 3/3
   118 | D:1      | Reached skill level 4 in Dodging
   180 | D:1      | Found a faded altar of an unknown god.
   471 | D:1      | Reached XP level 3. HP: 18/18 MP: 4/4
   777 | D:1      | 777 ||| READING scroll labelled TAR ICLIWIHY.
   878 | D:1      | 878 ||| READING 2 scrolls labelled EHI HYGUQULEPN.
   878 | D:1      | 878 ||| IDENTIFYING bubbling green potion
   879 | D:1      | 879 ||| READING scroll of identify.
   879 | D:1      | 879 ||| IDENTIFYING scroll labelled GURINACSUVE
   880 | D:1      | 880 ||| DROPPING scroll of butterflies.
   881 | D:1      | 881 ||| DROPPING scroll of amnesia.
  1491 | D:2      | Reached XP level 4. HP: 22/22 MP: 5/5
  1599 | D:2      | 1599 ||| UPGRADING to amulet of reflection.
  1604 | D:2      | 1604 ||| READING scroll of identify.
  1604 | D:2      | 1604 ||| IDENTIFYING black potion
  1605 | D:2      | 1605 ||| READING scroll labelled PAADESHEMAR.
  1606 | D:2      | 1606 ||| READING 2 scrolls labelled SAHIKYS ZEFEST.
  1610 | D:2      | 1610 ||| READING scroll labelled ODICLEISUMP.
  1611 | D:2      | 1611 ||| DRINKING 2 sedimented grey potions.
  1613 | D:2      | 1613 ||| Stepping ~*~*~tactically~*~*~ (cloud).
  1622 | D:2      | HP: 5/22 [poisoned by you (poison gas)]
  1705 | D:3      | Noticed an ogre
  1715 | D:3      | Killed an ogre
  1716 | D:3      | Reached skill level 6 in Dodging
  1716 | D:3      | Reached XP level 5. HP: 25/25 MP: 6/6
  1839 | D:3      | Noticed Sigmund
  1851 | D:3      | Killed Sigmund
  1852 | D:3      | Reached skill level 3 in Fighting
  1852 | D:3      | Reached XP level 6. HP: 32/32 MP: 7/7
  2173 | D:3      | Found a burning altar of Makhleb.
  2173 | D:3      | Found a broken altar of Ashenzari.
  2186 | D:3      | 2186 ||| DROPPING +6 ring of intelligence.
  2187 | D:3      | 2187 ||| READING 2 scrolls of identify.
  2187 | D:3      | 2187 ||| IDENTIFYING metallic grey potion
  2188 | D:3      | 2188 ||| READING scroll of identify.
  2188 | D:3      | 2188 ||| IDENTIFYING green potion
  2189 | D:3      | 2189 ||| READING scroll labelled JANEBB HISEAR.
  2190 | D:3      | 2190 ||| DROPPING potion of brilliance.
  2339 | D:4      | Reached skill level 6 in Ranged Weapons
  2844 | D:4      | 2844 ||| UPGRADING to +5 ring of evasion.
  2845 | D:4      | 2845 ||| READING scroll labelled POQUEREECK.
  2964 | D:5      | Entered Level 5 of the Dungeon
  2979 | D:5      | Reached XP level 7. HP: 36/36 MP: 8/8
  3364 | D:5      | Found an opulent altar of Gozag.
  3458 | D:5      | Found a staircase to the Ecumenical Temple.
  3459 | D:5      | 3459 ||| PLANNING TEMPLE
  3459 | D:5      | 3459 ||| READING scroll labelled ASUL QAUMYK.
  3460 | D:5      | 3460 ||| READING 2 scrolls labelled AXOSYS JATICKU.
  3461 | D:5      | 3461 ||| DRINKING 2 viscous coppery potions.
  3462 | D:5      | 3462 ||| DROPPING potion of magic.
  3463 | D:5      | 3463 ||| DROPPING scroll of noise.
  3472 | Temple   | Entered the Ecumenical Temple
  3473 | Temple   | 3473 ||| PLANNING D:1-11
  3608 | D:6      | 3608 ||| PLANNING SEWER
  3611 | D:6      | 3611 ||| STAIRDANCE
  3630 | D:6      | Reached skill level 7 in Dodging
  3724 | D:6      | Reached XP level 8. HP: 40/40 MP: 9/9
  3782 | D:6      | HP: 9/40 [ogre/+0 giant club (31)]
  3783 | D:6      | 3783 ||| READING 3 scrolls of teleportation.
  3922 | D:6      | Reached skill level 8 in Dodging
  4114 | D:6      | Identified the amulet of Doikk {rF+ Regen+ rCorr}
  4167 | D:6      | 4167 ||| FLEEEEING.
  4169 | D:6      | 4169 ||| FLEEEEING.
  4171 | D:6      | 4171 ||| FLEEEEING.
  4172 | D:6      | 4172 ||| FLEEEEING.
  4173 | D:6      | 4173 ||| FLEEEEING.
  4191 | D:6      | HP: 10/40 [poisoned by a kobold brigand]
  4192 | D:6      | 4192 ||| READING 2 scrolls of teleportation.
  4524 | D:6      | 4524 ||| RIP SEWER
  4544 | D:6      | 4544 ||| PLANNING D:1-11
  4548 | D:6      | Reached skill level 9 in Ranged Weapons
  4714 | D:6      | 4714 ||| UPGRADING to amulet of Doikk {rF+ Regen+ rCorr}.
  4724 | D:6      | 4724 ||| UPGRADING to ring of protection from cold.
  4725 | D:6      | 4725 ||| READING 2 scrolls of identify.
  4725 | D:6      | 4725 ||| IDENTIFYING bubbling amethyst potion
  4726 | D:6      | 4726 ||| READING scroll of identify.
  4726 | D:6      | 4726 ||| IDENTIFYING viscous white potion
  4727 | D:6      | 4727 ||| DRINKING 3 purple potions.
  4728 | D:6      | 4728 ||| DROPPING potion of degeneration.
  4729 | D:6      | 4729 ||| DROPPING 2 potions of attraction.
  4790 | D:7      | Found a hazy altar of Hepliaklqana.
  4888 | D:7      | Reached skill level 9 in Dodging
  4902 | D:7      | Noticed Duvessa
  4903 | D:7      | Noticed Dowan
  4908 | D:7      | 4908 ||| RETREEEEATING.
  4925 | D:7      | Killed Duvessa
  4947 | D:7      | 4947 ||| RETREEEEATING.
  4948 | D:7      | 4948 ||| RETREEEEATING.
  4950 | D:7      | 4950 ||| RETREEEEATING.
  4951 | D:7      | 4951 ||| RETREEEEATING.
  4954 | D:7      | HP: 5/40 [orc warrior/+0 battleaxe (6)]
  4955 | D:7      | 4955 ||| READING scroll of teleportation.
  4956 | D:7      | 4956 ||| DRINKING potion of heal wounds.
  4966 | D:7      | Killed Dowan
  4967 | D:7      | Reached XP level 9. HP: 38/44 MP: 10/10
  5057 | D:7      | 5057 ||| RETREEEEATING.
  5058 | D:7      | 5058 ||| FLEEEEING.
  5059 | D:7      | 5059 ||| FLEEEEING.
  5124 | D:7      | Reached skill level 10 in Dodging
  5125 | D:7      | 5125 ||| FLEEEEING.
  5126 | D:7      | 5126 ||| FLEEEEING.
  5176 | D:7      | Found Bafivvuf's Assorted Antiques.
  5185 | D:7      | 5185 ||| BUYING potion of enlightenment (115 gold).
  5185 | D:7      | Bought a potion of enlightenment for 115 gold pieces
  5185 | D:7      | 5185 ||| BUYING scratched brass ring (115 gold).
  5185 | D:7      | Bought a scratched brass ring for 115 gold pieces
  5185 | D:7      | 5185 ||| BUYING scroll labelled ICLIT NERENEU (23 gold).
  5185 | D:7      | Bought a scroll labelled ICLIT NERENEU for 23 gold pieces
  5185 | D:7      | 5185 ||| BUYING scroll of identify (46 gold).
  5185 | D:7      | Bought a scroll of identify for 46 gold pieces
  5185 | D:7      | 5185 ||| SHOPLISTING yellow potion (20 gold, have 11).
  5367 | D:7      | 5367 ||| UPGRADING to +2 robe.
  5377 | D:7      | 5377 ||| DROPPING +0 robe.
  5378 | D:7      | 5378 ||| READING 3 scrolls of identify.
  5378 | D:7      | 5378 ||| IDENTIFYING white potion
  5379 | D:7      | 5379 ||| READING 2 scrolls of identify.
  5379 | D:7      | 5379 ||| IDENTIFYING scroll labelled ICLIT NERENEU
  5380 | D:7      | 5380 ||| DROPPING potion of lignification.
  5381 | D:7      | 5381 ||| DROPPING wand of flame (16).
  5487 | D:8      | Found a sacrificial altar of Ru.
  5721 | D:8      | Reached skill level 11 in Dodging
  5754 | D:8      | 5754 ||| RETREEEEATING.
  5755 | D:8      | 5755 ||| RETREEEEATING.
  5844 | D:8      | Reached skill level 12 in Dodging
  5856 | D:8      | Reached XP level 10. HP: 49/49 MP: 11/11
  5873 | D:8      | 5873 ||| SWAPPING to +0 orcbow.
  5874 | D:8      | 5874 ||| DROPPING +0 shortbow.
  5959 | D:8      | Found a snail-covered altar of Cheibriados.
  5975 | D:8      | Found a stormy altar of Qazlal.
  5977 | D:8      | Found an iron altar of Okawaru.
  5978 | D:8      | 5978 ||| PLANNING OKAWARU WORSHIP
  5989 | D:8      | 5989 ||| UPGRADING to +0 steam dragon scales.
  5999 | D:8      | 5999 ||| DROPPING +2 robe.
  6000 | D:8      | 6000 ||| READING scroll of enchant armour.
  6000 | D:8      | 6000 ||| ENCHANTING +0 steam dragon scales.
  6001 | D:8      | 6001 ||| READING 5 scrolls of identify.
  6001 | D:8      | 6001 ||| IDENTIFYING scroll labelled VEWKOZIADID
  6002 | D:8      | 6002 ||| DROPPING scroll of fog.
  6003 | D:8      | Found a shimmering blue altar of Sif Muna.
  6003 | D:8      | Found a blossoming altar of Fedhas.
  6008 | D:8      | Became a worshipper of Warmaster Okawaru
  6009 | D:8      | 6009 ||| PLANNING D:1-11
  6380 | D:8      | Reached skill level 1 in Armour
  6485 | D:9      | Found a staircase to the Orcish Mines.
  6538 | D:9      | You fall into a shaft and drop 3 floors!
  6550 | D:12     | 6550 ||| RETREEEEATING.
  6590 | D:12     | Noticed a green ugly thing
  6603 | D:12     | 6603 ||| RETREEEEATING.
  6604 | D:12     | 6604 ||| RETREEEEATING.
  6605 | D:12     | 6605 ||| RETREEEEATING.
  6606 | D:12     | 6606 ||| RETREEEEATING.
  6607 | D:12     | 6607 ||| RETREEEEATING.
  6608 | D:12     | 6608 ||| RETREEEEATING.
  6609 | D:12     | 6609 ||| RETREEEEATING.
  6610 | D:12     | 6610 ||| RETREEEEATING.
  6613 | D:12     | 6613 ||| RETREEEEATING.
  6614 | D:12     | 6614 ||| RETREEEEATING.
  6615 | D:12     | 6615 ||| RETREEEEATING.
  6615 | D:12     | Noticed Gastronok
  6616 | D:12     | 6616 ||| RETREEEEATING.
  6617 | D:12     | 6617 ||| RETREEEEATING.
  6618 | D:12     | Killed a green ugly thing
  6618 | D:12     | Reached * piety under Okawaru
  6619 | D:12     | Reached skill level 12 in Ranged Weapons
  6625 | D:12     | Noticed a smoke demon
  6625 | D:12     | 6625 ||| INVOKING Heroism.
  6626 | D:12     | Noticed a soul eater
  6630 | D:12     | 6630 ||| RETREEEEATING.
  6639 | D:12     | 6639 ||| INVOKING Heroism.
  6645 | D:12     | Noticed a smoke demon
  6684 | D:12     | Killed Gastronok
  6685 | D:12     | Reached skill level 6 in Fighting
  6753 | D:12     | Noticed a cyclops
  6754 | D:12     | 6754 ||| INVOKING Heroism.
  6767 | D:12     | 6767 ||| INVOKING Heroism.
  6774 | D:12     | Killed a cyclops
  6775 | D:12     | Reached skill level 1 in Invocations
  6878 | D:12     | 6878 ||| DROPPING ring of willpower.
  6879 | D:12     | 6879 ||| UPGRADING to +4 ring of protection.
  6881 | D:12     | 6881 ||| DROPPING ring of positive energy.
  6882 | D:12     | 6882 ||| DROPPING ring of protection from cold.
  6883 | D:12     | 6883 ||| READING 4 scrolls of identify.
  6883 | D:12     | 6883 ||| IDENTIFYING scroll labelled CESIUNNAAQUM
  6884 | D:12     | 6884 ||| DROPPING scroll of torment.
  6897 | D:10     | Entered Level 10 of the Dungeon
  7171 | D:9      | Reached XP level 11. HP: 53/56 MP: 12/14
  7649 | D:10     | Reached skill level 3 in Invocations
  7660 | D:10     | 7660 ||| INVOKING Heroism.
  7676 | D:10     | 7676 ||| INVOKING Heroism.
  7693 | D:10     | Reached ** piety under Okawaru
  7694 | D:10     | Reached skill level 13 in Dodging
  7824 | D:10     | Noticed Maurice
  7842 | D:10     | Maurice stole an amulet of reflection
  7848 | D:10     | Maurice stole 245 gold
  7849 | D:10     | Killed Maurice
  7897 | D:10     | Noticed a death yak
  7898 | D:10     | 7898 ||| INVOKING Heroism.
  7914 | D:10     | Noticed a death yak
  7915 | D:10     | 7915 ||| RETREEEEATING.
  7916 | D:10     | 7916 ||| FLEEEEING.
  7917 | D:10     | 7917 ||| FLEEEEING.
  7918 | D:10     | 7918 ||| FLEEEEING.
  7919 | D:10     | 7919 ||| FLEEEEING.
  7920 | D:10     | 7920 ||| FLEEEEING.
  7921 | D:10     | 7921 ||| FLEEEEING.
  7922 | D:10     | 7922 ||| FLEEEEING.
  7923 | D:10     | 7923 ||| INVOKING Heroism.
  7930 | D:10     | Killed a death yak
  7959 | D:10     | Noticed a death yak
  7959 | D:10     | 7959 ||| RETREEEEATING.
  7961 | D:10     | 7961 ||| RETREEEEATING.
  7963 | D:10     | 7963 ||| RETREEEEATING.
  7965 | D:10     | 7965 ||| RETREEEEATING.
  7969 | D:10     | 7969 ||| RETREEEEATING.
  7970 | D:10     | 7970 ||| RETREEEEATING.
  7971 | D:10     | 7971 ||| RETREEEEATING.
  7972 | D:10     | 7972 ||| RETREEEEATING.
  7973 | D:10     | 7973 ||| INVOKING Heroism.
  7992 | D:10     | Killed a death yak
  7996 | D:10     | 7996 ||| INVOKING Heroism.
  8005 | D:10     | Killed a death yak
  8037 | D:10     | Found a staircase to the Lair.
  8068 | D:10     | Reached *** piety under Okawaru
  8217 | D:10     | Reached skill level 14 in Dodging
  8343 | D:10     | 8343 ||| PLANNING LAIR
  8343 | D:10     | 8343 ||| UPGRADING to +1 cloak.
  8348 | D:10     | 8348 ||| UPGRADING to +6 ring of dexterity.
  8350 | D:10     | 8350 ||| DROPPING ring of flight.
  8351 | D:10     | 8351 ||| UPGRADING to +5 ring of evasion.
  8353 | D:10     | 8353 ||| DROPPING +4 ring of protection.
  8354 | D:10     | 8354 ||| READING 3 scrolls of identify.
  8354 | D:10     | 8354 ||| IDENTIFYING emerald potion
  8369 | Lair:1   | Entered Level 1 of the Lair of Beasts
  8454 | Lair:1   | Found a dark tunnel.
  8484 | Lair:1   | Noticed a boulder beetle
  8485 | Lair:1   | 8485 ||| INVOKING Heroism.
  8504 | Lair:1   | Killed a boulder beetle
  8514 | Lair:1   | 8514 ||| RETREEEEATING.
  8515 | Lair:1   | 8515 ||| RETREEEEATING.
  8516 | Lair:1   | 8516 ||| RETREEEEATING.
  8517 | Lair:1   | 8517 ||| RETREEEEATING.
  8520 | Lair:1   | 8520 ||| RETREEEEATING.
  8521 | Lair:1   | 8521 ||| RETREEEEATING.
  8522 | Lair:1   | 8522 ||| RETREEEEATING.
  8523 | Lair:1   | 8523 ||| RETREEEEATING.
  8524 | Lair:1   | 8524 ||| RETREEEEATING.
  8525 | Lair:1   | 8525 ||| RETREEEEATING.
  8526 | Lair:1   | 8526 ||| RETREEEEATING.
  8534 | Lair:1   | 8534 ||| RETREEEEATING.
  8539 | Lair:1   | 8539 ||| INVOKING Heroism.
  8542 | Lair:1   | Reached skill level 15 in Dodging
  8576 | Lair:1   | Reached **** piety under Okawaru
  8865 | Lair:1   | HP: 13/56 [poisoned by a black mamba]
  8870 | Lair:1   | HP: 11/56 [poisoned by a black mamba]
  9093 | Lair:1   | Reached XP level 12. HP: 61/61 MP: 16/16
  9103 | Lair:1   | Reached skill level 16 in Dodging
  9320 | Lair:1   | 9320 ||| READING 3 scrolls of identify.
  9320 | Lair:1   | 9320 ||| IDENTIFYING coppery potion
  9321 | Lair:1   | 9321 ||| READING 2 scrolls of identify.
  9321 | Lair:1   | 9321 ||| IDENTIFYING yellow potion
  9322 | Lair:1   | 9322 ||| READING scroll of identify.
  9322 | Lair:1   | 9322 ||| IDENTIFYING scroll labelled YKIOXTE JAOQ
  9323 | Lair:1   | 9323 ||| READING scroll of enchant weapon.
  9323 | Lair:1   | 9323 ||| ENCHANTING +0 orcbow.
  9369 | Lair:2   | 9369 ||| RETREEEEATING.
  9370 | Lair:2   | 9370 ||| RETREEEEATING.
  9371 | Lair:2   | 9371 ||| RETREEEEATING.
  9376 | Lair:2   | 9376 ||| INVOKING Finesse.
  9524 | Lair:2   | 9524 ||| RETREEEEATING.
  9526 | Lair:2   | Reached skill level 6 in Invocations
  9532 | Lair:2   | 9532 ||| RETREEEEATING.
  9560 | Lair:2   | Reached ***** piety under Okawaru
  9769 | Lair:2   | Found a staircase to the Snake Pit.
  9807 | Lair:2   | Found a frozen archway.
  9836 | Lair:2   | Received a gift from Okawaru
 10327 | Lair:3   | 10327 ||| STAIRDANCE
 10331 | Lair:3   | 10331 ||| STAIRDANCE
 10333 | Lair:2   | 10333 ||| RETREEEEATING.
 10334 | Lair:2   | 10334 ||| RETREEEEATING.
 10339 | Lair:2   | 10339 ||| RETREEEEATING.
 10341 | Lair:2   | 10341 ||| RETREEEEATING.
 10342 | Lair:2   | 10342 ||| RETREEEEATING.
 10343 | Lair:2   | 10343 ||| RETREEEEATING.
 10344 | Lair:2   | 10344 ||| RETREEEEATING.
 10345 | Lair:2   | 10345 ||| RETREEEEATING.
 10346 | Lair:2   | 10346 ||| RETREEEEATING.
 10374 | Lair:3   | 10374 ||| STAIRDANCE
 10402 | Lair:3   | 10402 ||| INVOKING Finesse.
 10403 | Lair:3   | 10403 ||| STAIRDANCE
 10629 | Lair:3   | 10629 ||| INVOKING Finesse.
 10630 | Lair:3   | 10630 ||| INVOKING Heroism.
 10717 | Lair:3   | HP: 6/61 [spriggan druid/+2 spectral quarterstaff (16)]
 10718 | Lair:3   | 10718 ||| READING 3 scrolls of teleportation.
 10718 | Lair:3   | Killed from afar by a spriggan druid

Levels and vault maps discovered:
D:1:      dpeg_arrival_chambers_temple_mockup, layout_basic,
          basic_ecumenical_altar
D:2:      layout_loops_cross
D:3:      layout_basic, amethyst_overflow_temple_binary, uniq_sigmund
D:4:      layout_basic, minmay_quadrilaterals
D:5:      layout_cave_pools, nicolae_gozag_cash_rules_everything_around_me,
          temple_hall, chequers_arboretum, kennysheep_generic_room_6
D:6:      layout_cave_pools, portal_sewer_entry_e, minmay_starry_boxes
D:7:      layout_rooms, nicolae_overflow_crystal_walls, serial_shops,
          nicolae_shop_trees, minivault_14, uniq_duvessa
D:8:      layout_loops_corners, cheibriados_altar_1,
          chequers_temple_overflow_statue_of_worship,
          nicolae_ru_the_path_less_chosen, minmay_alternating_orb
D:9:      layout_roguey, orc_0_dummy
D:10:     layout_roguey, dpeg_lair_monsters, uniq_maurice
D:11:     layout_irregular_city, serial_shops,
          nicolae_shop_temple_entry_statues_fountains
D:12:     minmay_wavy_crystal, layout_basic, uniq_gastronok
Temple:   nicolae_temple_no_exploring_needed
Lair:1:   layout_chaotic_city, enter_volcano_4
Lair:2:   layout_gridlike, alex1729_snake_entry_snake,
          portal_ice_cave_entry_ice_simulacra, grunt_forest_large_clearings
Lair:3:   layout_gridlike, mainiacjoe_swamp_entry_angry_trees,
          fungi_pond_lemuel, chequers_serial_rivers_micro_c, minivault_19,
          serial_bayou_pond_d, grunt_megastairs_3

Skill      XL: |  1  2  3  4  5  6  7  8  9 10 11 12 |
---------------+-------------------------------------+-----
Dodging        | 3 4 6 7 9 12 15 16 | 16.6
Ranged Weapons | 5 6 7 9 11 12 13 14 | 14.0
Fighting       | 3 4 6 |  6.1
Armour         | 1 |  1.1
Invocations    | 2 4 8 |  8.1
Stealth        | |  1.5

Action                     |  1- 3 |  4- 6 |  7- 9 | 10-12 || total
---------------------------+-------+-------+-------+-------++-------
   Fire: Shortbow          |   125 |   101 |   602 |     7 ||   835
         Orcbow            |       |       |       |   909 ||   909
 Invoke: Heroism           |       |       |       |    13 ||    13
         Finesse           |       |       |       |     3 ||     3
    Use: Scroll            |     3 |     8 |     9 |     9 ||    29
         Potion            |       |     1 |     3 |       ||     4
 Armour: Robe              |     6 |     2 |    60 |     3 ||    71
         Steam dragon scal |       |       |       |    58 ||    58
  Dodge: Dodged            |    21 |    20 |   389 |   379 ||   809
  Block: Other             |       |     3 |    22 |       ||    25
         Reflection        |       |     1 |     3 |       ||     4

Table legend:
 A = Non-vault XP
 B = Vault XP
 C = Vault XP percentage of total XP
 D = Non-vault monster count
 E = Vault monster count
 F = Vault count percentage of total count
                 A         B        C        D         E       F
            +---------+---------+-------+---------+---------+-------
      Total |   22473 |   10445 |  31.7 |     269 |      58 |  17.7
            +---------+---------+-------+---------+---------+-------
        D:1 |      50 |       0 |   0.0 |      30 |       0 |   0.0
        D:2 |      51 |       0 |   0.0 |      25 |       0 |   0.0
        D:3 |     174 |     243 |  58.3 |      26 |       1 |   3.7
        D:4 |     190 |      16 |   7.8 |       5 |       3 |  37.5
        D:5 |     323 |      42 |  11.5 |      10 |       1 |   9.1
        D:6 |     980 |     208 |  17.5 |      29 |      11 |  27.5
        D:7 |    1051 |     222 |  17.4 |      25 |       2 |   7.4
        D:8 |    1590 |    1308 |  45.1 |      25 |      15 |  37.5
        D:9 |    1036 |       0 |   0.0 |      21 |       0 |   0.0
       D:10 |    2044 |    4026 |  66.3 |      17 |       9 |  34.6
       D:12 |    2054 |    1476 |  41.8 |       6 |       1 |  14.3
     Lair:1 |    5534 |       0 |   0.0 |      19 |       0 |   0.0
     Lair:2 |    6698 |    2411 |  26.5 |      28 |      13 |  31.7
     Lair:3 |     698 |     493 |  41.4 |       3 |       2 |  40.0
            +---------+---------+-------+---------+---------+-------
